 Dungeon Crawl Stone Soup version 0.30-a0-722-g3e6e8c874d (webtiles) character file.

Game seed: 7614404212920887111

27 Arximoufas the Conjurer (level 2, -2/15 HPs)
             Began as a Deep Elf Conjurer on Jan 28, 2023.
             Slain by a worm (9 damage)
             ... on level 2 of the Dungeon.
             The game lasted 00:03:24 (1106 turns).

Arximoufas the Conjurer (Deep Elf Conjurer)         Turns: 1106, Time: 00:03:25

Health: -2/15      AC:  6    Str:  4    XL:     2   Next: 93%
Magic:  3/8        EV: 11    Int: 22    God:
Gold:   96         SH:  0    Dex: 13    Spells: 6/7 levels left

rFire   . . .      SeeInvis .    (no weapon)
rCold   + . .      Faith    .    (no shield)
rNeg    . . .      Spirit   .    e - +2 leather armour {rC+}
rPois   .          Reflect  .    (no helmet)
rElec   .          Harm     .    (no cloak)
rCorr   .          Rampage  .    d - +0 pair of gloves
Will    .....                    (no boots)
Stlth   ++                       (no amulet)
HPRegen 0.22/turn                (no ring)
MPRegen 0.11/turn                (no ring)

@: no status effects
A: no striking features
a: no special abilities


You were on level 2 of the Dungeon.
You visited 1 branch of the dungeon, and saw 2 of its levels.

You collected 96 gold pieces.

Inventory:

Missiles
 c - 3 boomerangs
Armour
 a - a +0 robe
 d - a +0 pair of gloves (worn)
 e - a +2 leather armour of cold resistance (worn)
Potions
 g - a potion of haste {unknown}
 h - a potion of curing


   Skills:
 - Level 2.4 Dodging
 + Level 3.6 Stealth
 - Level 3.0 Spellcasting
 + Level 4.9 Conjurations


You had 6 spell levels left.
You knew the following spells:

 Your Spells              Type           Power      Damage    Failure   Level
a - Magic Dart            Conj           100%       1d8       3%          1

Your spell library contained the following spells:

 Spells                   Type           Power      Damage    Failure   Level
 Searing Ray              Conj           50%        2d6       4%          2
 Dazzling Flash           Conj/Hex       28%        N/A       24%         3
 Fulminant Prism          Conj/Hex       7%         3d7       63%         4
 Iskenderun's Mystic Bla  Conj/Tloc      14%        2d5       63%         4


Dungeon Overview and Level Annotations

Branches:
Dungeon (2/15)

Altars:

Shops:
D:2 :


Message History

Your butterfly dies!
Your butterfly disappears in a burst of colours!
The kobold hits your butterfly with a +0 short sword.
Your butterfly dies!
Your butterfly disappears in a burst of colours!
The gnoll barely misses your butterfly.
The gnoll closely misses something.
The kobold closely misses your butterfly.
The worm closely misses you.
You barely miss the ball python. The ball python closely misses you.
The ball python grabs you. The ball python constricts you.
The gnoll hits your butterfly with a +0 whip.
Your butterfly dies!
Your butterfly disappears in a burst of colours!
The gnoll hits your butterfly with a +0 flail of protection!
Your butterfly dies!
Your butterfly disappears in a burst of colours!
You closely miss the ball python. The ball python barely misses you.
The ball python constricts you. The worm barely misses you.
The ball python bites you but does no damage.
The ball python constricts you. The quokka closely misses you.
Something hits your butterfly.
Your butterfly dies!
Your butterfly disappears in a burst of colours!
The gnoll hits your butterfly with a +0 whip!
Your butterfly dies!
Your butterfly disappears in a burst of colours!
You hit the ball python.
The ball python is severely wounded.
The ball python bites you. The ball python constricts you.
The quokka bites you. The gnoll barely misses your butterfly.
Aiming: Magic Dart (safe; 3% risk of failure)
Press: ? - help, Q - select action, (/) - cycle Shift-Dir - straight line, f - ball python, p - worm
Aim: a ball python (severely wounded, constricting you, 100% to hit)
The magic dart hits the ball python.
You kill the ball python!
The worm barely misses you.
The quokka bites you but does no damage.
The worm bites you!
Ouch! That really hurt!
You die... #......... #...b...... #....b..... #...bb..... #..bbg.b... #.8..8bb..b #K.bbbbb...

#rw.g.g..b.
#@♣..∩..8..
#†w..b.b...
#........b.
#.♣..b..8..
#.#######..
#.$## ...
##..#####....
##..........
###†####.......


You could see 2 worms, 3 gnolls, a quokka and a kobold.

Vanquished Creatures
  3 ball pythons
  4 endoplasms
  2 giant cockroaches
  4 hobgoblins
  A quokka (D:1)
  3 bats
  A frilled lizard (D:2)
  4 goblins (D:1)
  3 rats
25 creatures vanquished.

Notes
Turn   | Place    | Note
-------+----------+-------------------------------------------
     0 | D:1      | Arximoufas the Deep Elf Conjurer began the quest for the
                  | Orb.
     0 | D:1      | Reached XP level 1. HP: 10/10 MP: 6/6
   422 | D:1      | Reached XP level 2. HP: 15/15 MP: 2/8
   982 | D:2      | Found Eluq's Book Boutique.
  1106 | D:2      | Slain by a worm

Illustrated notes

Levels and vault maps discovered:
D:1:      lemuel_arrival_behind_the_door_large, layout_loops_ring, hex_medium,
          chequers_serial_rivers_micro_d
D:2:      minmay_inner_zag, layout_rooms, hellmonk_ecumenical_altar_arch_garden,
          serial_shops, shop, uniq_natasha

Skill      XL: |  1 |
---------------+----+-----
Stealth        | 3 |  3.6
Dodging        | |  2.4
Spellcasting   | |  3.0
Conjurations   | |  4.9

Action                     || total
---------------------------++-------
  Melee: Unarmed           ||     4
   Cast: Magic Dart        ||    52
    Use: Potion            ||     2
         Scroll            ||     1
 Armour: Leather armour    ||     7
  Dodge: Dodged            ||    16

Table legend: (Time is in decaauts)
 A = Elapsed time spent in this place.
 B = Non-inter-level travel time spent in this place.
 C = Inter-level travel time spent in this place.
 D = Time resting spent in this place.
 E = Time spent auto-exploring this place.
 F = Levels seen in this place.
 G = Mean time per level.
                   A        B        C        D        E       F      G
               +--------+--------+--------+--------+--------+-----+--------+
         Total |   1105 |   1094 |     11 |     10 |    879 |   2 |  552.5 |
       Dungeon |   1105 |   1094 |     11 |     10 |    879 |   2 |  552.5 |
               +--------+--------+--------+--------+--------+-----+--------+

Top non-repeatable levels by time:
     D:1: 909 daAuts
     D:2: 196 daAuts
